Map: Lightshade LE

Players

Lilbow

  • Race: Protoss Protoss

ShoWTimE - Winner!

  • Race: Protoss Protoss

Event: DreamHack SC2 Masters 2021 Winter

VOD

Have the link to the VOD?

Description

Time

  • Played on: Oct. 2, 2021, 11:53 a.m.
  • Length: 7:53

All games in this series

Show
View Real Time Build Order
Export as new Build Order

Lilbow Protoss 

Build Orders: Phoenix Opening 

Get SALT Encoding   

  12  0:00  Probe  
  13  0:12  Probe  
  14  0:17  Pylon  
  14  0:24  Probe (Chrono Boost)  
  16  0:36  Probe (Chrono Boost)  
  16  0:37  Gateway  
  16  0:43  Probe (Chrono Boost)  
  16  0:45  Assimilator  
  17  0:51  Probe  
  18  1:03  Probe (Chrono Boost)  
  19  1:04  Assimilator  
  19  1:10  Gateway  
  19  1:12  Probe (Chrono Boost)  
  19  1:17  Probe (Chrono Boost)  
  20  1:24  Cybernetics Core  
  21  1:29  Probe  
  22  1:35  Pylon  
  22  1:41  Probe  
  23  1:53  Probe  
  24  2:00  Warp Gate  
  24  2:01  Stalker  
  26  2:03  Stalker  
  28  2:14  Pylon  
  28  2:31  Sentry, Pylon  
  30  2:42  Nexus  
  30  2:45  Probe (Chrono Boost)  
  30  2:49  Sentry  
  33  2:55  Probe (Chrono Boost)  
  34  3:00  Probe (Chrono Boost)  
  34  3:01  Sentry  
  34  3:04  Shield Battery  
  37  3:11  Probe  
  38  3:13  Phoenix  
  38  3:16  Pylon  
  38  3:23  Probe (Chrono Boost)  
  38  3:25  Twilight Council  
  39  3:36  Probe (Chrono Boost), Forge  
  40  3:44  Probe (Chrono Boost)  
  41  3:54  Probe x2 (Chrono Boost)  
  43  3:58  Adept  
  47  4:03  Probe (Chrono Boost)  
  47  4:05  Probe (Chrono Boost)  
  47  4:09  Probe (Chrono Boost)  
  47  4:10  Blink (Chrono Boost)  
  47  4:12  Stalker  
  47  4:14  Probe  
  51  4:21  Probe  
  52  4:26  Probe  
  53  4:32  Protoss Ground Weapons Level 1  
  53  4:33  Probe  
  54  4:38  Probe  
  54  4:39  Nexus  
  54  4:45  Probe  
  56  4:46  Assimilator  
  57  4:53  Robotics Facility  
  57  4:55  Pylon  
  56  5:00  Stalker x2  
  56  5:06  Gateway  
  60  5:13  Gateway  
  56  5:28  Stalker  
  56  5:29  Stalker  
  56  5:30  Probe  
  56  5:31  Probe, Phoenix  
  57  5:42  Probe, Gateway  
  56  5:43  Probe  
  57  5:51  Gateway  
  57  5:52  Stalker x2  
  57  5:54  Probe  
  62  6:02  Probe  
  63  6:08  Stalker x2  
  67  6:15  Stalker  
  69  6:18  Pylon  
  63  6:35  Stalker x3  
  65  6:46  Stalker x3, Warp Prism (Chrono Boost)  
  71  6:51  Pylon  
  73  6:59  Stalker x2  
  77  7:02  Pylon  
  77  7:09  Stalker  
  77  7:10  Stalker x3  
  77  7:41  Stalker x6  
Show
View Real Time Build Order
Export as new Build Order

ShoWTimE Protoss - Winner!

Build Orders: Phoenix Opening, Blink Stalkers 

Get SALT Encoding   

  12  0:00  Probe  
  13  0:12  Probe  
  14  0:17  Pylon  
  14  0:24  Probe (Chrono Boost)  
  15  0:36  Probe (Chrono Boost), Gateway  
  16  0:44  Probe (Chrono Boost)  
  16  0:47  Assimilator  
  17  0:50  Probe  
  18  1:00  Assimilator  
  18  1:03  Probe (Chrono Boost)  
  19  1:08  Gateway  
  19  1:13  Probe (Chrono Boost)  
  19  1:17  Probe (Chrono Boost)  
  20  1:25  Cybernetics Core  
  21  1:29  Probe  
  22  1:35  Pylon  
  22  1:41  Probe  
  23  1:53  Probe  
  24  2:01  Stalker, Sentry  
  28  2:02  Warp Gate  
  28  2:05  Probe  
  29  2:12  Pylon  
  29  2:27  Stalker  
  31  2:31  Stalker  
  32  2:37  Phoenix  
  32  2:50  Probe  
  33  2:52  Twilight Council  
  33  3:04  Nexus  
  33  3:06  Sentry  
  33  3:10  Probe  
  36  3:18  Pylon  
  36  3:22  Probe  
  36  3:23  Blink (Chrono Boost)  
  37  3:34  Probe (Chrono Boost)  
  38  3:44  Probe (Chrono Boost)  
  38  3:48  Phoenix  
  39  3:49  Probe (Chrono Boost)  
  39  3:50  Adept x2  
  44  4:01  Probe (Chrono Boost)  
  45  4:09  Probe (Chrono Boost)  
  46  4:15  Probe  
  46  4:17  Probe  
  48  4:20  Stalker x2  
  52  4:27  Probe  
  52  4:29  Probe  
  54  4:38  Pylon  
  54  4:39  Probe  
  54  4:41  Probe  
  54  4:45  Stalker, Sentry  
  58  4:51  Probe  
  61  4:57  Nexus  
  61  4:58  Probe  
  62  5:06  Robotics Facility  
  62  5:09  Forge  
  62  5:11  Probe  
  62  5:12  Probe  
  64  5:15  Assimilator  
  64  5:23  Probe  
  64  5:24  Probe  
  66  5:35  Probe  
  67  5:36  Probe, Phoenix  
  67  5:42  Gateway, Protoss Ground Weapons Level 1 (Chrono Boost)  
  64  5:43  Stalker x2  
  64  5:45  Pylon  
  64  5:46  Gateway  
  64  5:47  Probe  
  69  5:54  Observer (Chrono Boost)  
  69  5:55  Shield Battery x2  
  70  6:03  Probe  
  71  6:06  Gateway  
  71  6:08  Gateway  
  71  6:14  Stalker  
  71  6:16  Stalker  
  75  6:21  Pylon  
  73  6:33  Probe  
  73  6:34  Probe  
  73  6:41  Probe  
  73  6:42  Stalker x4  
  73  6:45  Probe  
  83  6:48  Probe  
  83  6:53  Probe  
  85  6:55  Pylon  
  85  6:58  Probe  
  85  7:00  Probe  
  87  7:02  Stalker x2  
  87  7:06  Probe  
  87  7:08  Stalker x2  
  94  7:10  Stalker, Probe  
  94  7:12  Probe  
  100  7:21  Stalker  
  96  7:27  Shield Battery  
  94  7:32  Stalker x3  
  92  7:41  Stalker x2  
  96  7:47  Stalker  

Tags
 
Add a new tag
Caveats
  • Supply blocks, unpowered buildings, or Contaminate may cause inaccurate times.
  • Supply counts are checked every 10 seconds.